 Dungeon Crawl Stone Soup version 0.26-a0-710-g95a0c6c400 (webtiles) character file.

Game seed: 8775804801297852171

141 tzalcoatl the Sneak (level 5, -1/41 HPs)
             Began as a Merfolk Brigand on Oct 30, 2020.
             Slain by Grinder (5 damage)
             ... while paralysed by Grinder
             ... on level 2 of the Dungeon.
             The game lasted 00:15:55 (3591 turns).

tzalcoatl the Sneak (Merfolk Brigand)               Turns: 3591, Time: 00:15:56

Health: -1/41      AC:  5    Str: 19    XL:     5   Next: 24%
Magic:  5/5        EV:  2    Int: 10    God:
Gold:   140        SH:  0    Dex: 15    Spells: 4/4 levels left

rFire    . . .     SeeInvis .   b - +4 quarterstaff (chaos)
rCold    . . .     Faith    .   (shield currently unavailable)
rNeg     . . .     Spirit   .   r - +0 leather armour
rPois    .         Reflect  .   (no helmet)
rElec    .         Harm     .   f - +1 cloak
rCorr    .         Rampage  .   (no gloves)
MR       .....                  (no boots)
Stlth    +++.......             (no amulet)
HPRegen  0.13/turn              m - +6 ring of strength
MPRegen  0.09/turn              (no ring)

@: paralysed, hasted
A: change form in water, swift swim, stealthy swim
a: no special abilities


You were on level 2 of the Dungeon.
You visited 1 branch of the dungeon, and saw 3 of its levels.

You collected 140 gold pieces.

Inventory:

Hand Weapons
 a - a +2 dagger
 b - a +4 quarterstaff of chaos (weapon)
Missiles
 o - 6 javelins (quivered)
Armour
 f - a +1 cloak (worn)
 r - a +0 leather armour (worn)
Jewellery
 m - a +6 ring of strength (left hand)
Scrolls
 i - 3 scrolls of remove curse
 j - a scroll of fog {unknown}
 k - a scroll of magic mapping {unknown}
 l - a scroll of immolation {unknown}
 q - a scroll of teleportation {unknown}
Potions
 p - a potion of mutation {unknown}


   Skills:
 + Level 3.3 Fighting
 + Level 3.8 Short Blades
 - Level 2.0 Throwing
 + Level 3.3 Dodging
 + Level 5.3 Stealth


You had 4 spell levels left.
You didn't know any spells.
Your spell library was empty.

Dungeon Overview and Level Annotations

Branches:
Dungeon (3/15)

Altars:
Elyvilon
Xom

Annotations:
D:2 Grinder


Message History

Grinder hits you.
You writhe in agony.
* * * LOW HITPOINT WARNING * * *
You can move again.
There is a stone staircase leading up here.
Grinder gestures at you. Pain shoots through your body!
* * * LOW HITPOINT WARNING * * *
You climb upwards.
There is a stone staircase leading down here.
You see here 2 potions of degeneration.
It was a potion of haste.
You feel yourself speed up.
Grinder says, "Just stop there for a second..."
Grinder hits you but does no damage. Grinder gestures at you.
You suddenly lose the ability to move!
Grinder hits you but does no damage. Grinder gestures at you.
You shrug off the repeated paralysis!
Grinder hits you.
You die...

#.##.##....### ♣♣.♣
#)##.........# ♣.♣♣
#.##.....#...# ♣♣.♣
#.##.........# ♣.♣♣
#.##.##....### ♣♣.♣♣
#............# ♣...♣♣
####.........# ♣PPP.♣
#......#### #....#
#######.@###.# ###....##
#.......5..#.####..#.....
#.#####..#>........##....
####.#####............#####.
#...............####### #.
#......####.###.## #.
#......####......# #.
#.........))###..# ########.
#......####.# #..# #........


You could see Grinder.

Vanquished Creatures
  Crazy Yiuf (D:2)
  An orc priest (D:3)
  2 adders (D:2)
  4 dart slugs
  6 leopard geckos (D:1)
  4 orcs
  2 giant cockroaches (D:1)
  6 goblins
  5 hobgoblins (D:1)
  5 bats
  3 frilled lizards
  6 kobolds
  5 rats
50 creatures vanquished.

Notes
Turn   | Place    | Note
-------+----------+-------------------------------------------
     0 | D:1      | tzalcoatl the Merfolk Brigand began the quest for the Orb.
     0 | D:1      | Reached XP level 1. HP: 16/16 MP: 1/1
   157 | D:1      | Reached XP level 2. HP: 7/23 MP: 2/2
   649 | D:1      | Reached XP level 3. HP: 23/28 MP: 3/3
  1589 | D:1      | Found a white marble altar of Elyvilon.
  1725 | D:2      | Reached XP level 4. HP: 34/34 MP: 4/4
  1836 | D:2      | Reached skill level 5 in Stealth
  1973 | D:2      | Found a shimmering altar of Xom.
  1977 | D:2      | Found a shimmering altar of Xom.
  1977 | D:2      | Found a shimmering altar of Xom.
  1978 | D:2      | Found a shimmering altar of Xom.
  1980 | D:2      | Found a shimmering altar of Xom.
  2183 | D:2      | Found a runed translucent door.
  2184 | D:2      | Noticed Crazy Yiuf
  2831 | D:3      | Noticed Grinder
  2840 | D:3      | Paralysed by Grinder for 6 turns
  2848 | D:3      | Paralysed by Grinder for 3 turns
  3283 | D:2      | Killed Crazy Yiuf
  3283 | D:2      | Reached XP level 5. HP: 22/41 MP: 5/5
  3575 | D:3      | Paralysed by Grinder for 4 turns
  3580 | D:3      | HP: 2/41 [Grinder/nerve-wracking pain (9)]
  3586 | D:2      | Paralysed by Grinder for 5 turns
  3591 | D:2      | Slain by Grinder

Illustrated notes

Levels and vault maps discovered:
D:1:      dpeg_arrival_lava_altar, layout_basic, minmay_misc_feat_hallway
D:2:      layout_loops_ring, xom_redecorated, uniq_crazy_yiuf_cottage
D:3:      layout_basic, uniq_grinder

Skill      XL: |  1  2  3  4 |
---------------+-------------+-----
Dodging        | 2 3 |  3.3
Short Blades   | 3 |  3.8
Fighting       | 3 |  3.3
Stealth        | 5 |  5.3
Throwing       | |  2.0

Action                   |  1- 3 |  4- 6 || total
-------------------------+-------+-------++-------
Melee: Dagger            |   103 |    73 ||   176
       Tailslap          |       |     3 ||     3
       Quarterstaff      |       |     2 ||     2
Throw: Dart              |    15 |    11 ||    26
  Use: Scroll            |       |     4 ||     4
       Potion            |       |     3 ||     3
 Stab: Sleeping          |    13 |     3 ||    16
Armor: Robe              |    15 |     7 ||    22
       Leather armour    |       |     3 ||     3
Dodge: Dodged            |    57 |    33 ||    90

Table legend: (Time is in decaauts)
 A = Elapsed time spent in this place.
 B = Non-inter-level travel time spent in this place.
 C = Inter-level travel time spent in this place.
 D = Time resting spent in this place.
 E = Time spent auto-exploring this place.
 F = Levels seen in this place.
 G = Mean time per level.
                   A        B        C        D        E       F      G
               +--------+--------+--------+--------+--------+-----+--------+
         Total |   3544 |   3449 |     95 |    433 |   2351 |   3 | 1181.3 |
       Dungeon |   3544 |   3449 |     95 |    433 |   2351 |   3 | 1181.3 |
               +--------+--------+--------+--------+--------+-----+--------+

Top non-repeatable levels by time:
     D:1: 1628 daAuts
     D:2: 1616 daAuts
     D:3: 299 daAuts
